Cogmind - Beta 10.2 @@@ ROGUE MODE // 2021.12.17 @ 22:14:14 Player: Ol Swarmie Result: Destroyed by 2P-KNT(B) with Slug Cannon Performance ------------- Evolutions (1) 500 Regions Visited (5) 1000 Robots Destroyed (14) 70 Value Destroyed (385) 385 Prototype IDs (2) 40 Alien Tech Used (0) 0 Bonus (-163) -163 TOTAL SCORE: 1832 Bonus ------- Follower Combat Kills 57 Friendly Fire -220 Cogmind --------- Core Integrity 0/400 Matter 300/300 Energy 97/100 System Corruption 0% Temperature Cool (0) Movement Core (50) Location -7/Zion Parts ------- > --- POWER (1) -------- (None) > --- PROPULSION (3) --- (None) > --- UTILITY (3) ------ Signal Interpreter > --- WEAPON (2) ------- CR-A16's Pointy Stick > --- INVENTORY (4) ---- Light Armor Plating Heavy EM Pulse Gun Shotgun Signal Generator Peak State ------------ > --- POWER ------------ Improved Deuterium Engine > --- PROPULSION ------- Improved Treads Improved Treads Wheel > --- UTILITY ---------- Sensor Array Signal Interpreter Makeshift Hacking Suite > --- WEAPON ----------- Shotgun CR-A16's Pointy Stick > --- INVENTORY -------- Light Armor Plating Heavy EM Pulse Gun Shotgun Signal Generator [Rating: 22] Favorites ----------- Power Ion Engine Engine Ion Engine Propulsion Improved Treads Treads Improved Treads Wheel Wheel Flight Unit Cesium-ion Thruster Utility Sensor Array Device Sensor Array Processor Signal Interpreter Hackware Makeshift Hacking Suite Protection Light Armor Plating Weapon Shotgun Energy Gun EM Pulse Gun Ballistic Gun Shotgun Special Weapon Welding Torch Piercing Weapon CR-A16's Pointy Stick Build | -11 -10 -10 -9 -9 -7 ------- Run | Scr Mat Min Mat Min Zio Slots Evolved 2 | . . . 2 . . Power . | . . . . . . Propulsion 1 | . . . 1 . . Utility 1 | . . . 1 . . Weapon . | . . . . . . Parts Attached 26 | 5 6 . 7 1 7 Power 3 | 1 . . 1 . 1 Engine 3 | 1 . . 1 . 1 Core . | . . . . . . Reactor . | . . . . . . Propulsion 6 | 2 . . 2 . 2 Treads 2 | . . . 2 . . Leg . | . . . . . . Wheel 2 | 2 . . . . . Hover . | . . . . . . Flight 2 | . . . . . 2 Utility 7 | . 1 . 4 . 2 Device 3 | . 1 . 1 . 1 Storage . | . . . . . . Processor 2 | . . . 2 . . Hackware 1 | . . . . . 1 Protection 1 | . . . 1 . . Artifact . | . . . . . . Weapon 10 | 2 5 . . 1 2 Energy Gun 3 | 1 2 . . . . Energy Cannon . | . . . . . . Ballistic Gun 5 | 1 2 . . 1 1 Ballistic Cannon . | . . . . . . Launcher . | . . . . . . Special Weapon 1 | . 1 . . . . Impact Weapon . | . . . . . . Slashing Weapon . | . . . . . . Piercing Weapon 1 | . . . . . 1 Special Melee Weapon . | . . . . . . Unidentified Prototypes . | . . . . . . Parts Lost 10 | . . . 1 . 9 Power 1 | . . . . . 1 Propulsion 6 | . . . 1 . 5 Utility 2 | . . . . . 2 Weapon 1 | . . . . . 1 Highest Loss Streak 6 | . . . 1 . 6 Average Slot Usage (%) 89 | . 77 80 79 100 97 Engine 11 | . 14 14 11 11 10 Treads 15 | . . . 11 22 20 Wheel 14 | . 28 28 15 11 10 Device 8 | . 7 9 6 11 10 Processor 11 | . . . 10 22 14 Hackware 3 | . . . . . 7 Ballistic Gun 20 | . 20 28 22 22 18 Piercing Weapon 2 | . . . . . 3 Naked Turns . | . . . . . . Heaviest Build 17 | 7 9 9 13 12 17 Greatest Support 46 | 20 26 26 46 10 12 Greatest Overweight (x) 3 | . . . 3 1 1 Average Overweight (x) . | . . . . 1 . Largest Inventory Capacity 4 | 4 4 4 4 4 4 Average Capacity 4 | 4 4 4 4 4 4 Most Carried 4 | . 4 4 4 4 4 Average Carried 3 | . 2 4 3 4 3 Final Capacity 4 | 4 4 4 4 4 4 Final Carried 4 | . 4 4 4 4 4 Class Distribution -------------------- 100% | Mutant Dominant Class ---------------- Mutant | -10/Materials Mutant | -10/Mines Mutant | -9/Materials Mutant | -9/Mines Mutant | -7/Zion Resources | -11 -10 -10 -9 -9 -7 ----------- Run | Scr Mat Min Mat Min Zio Matter Collected 670 | 259 . 55 236 . 120 Remotely . | . . . . . . Salvage Created 516 | 42 . . 313 . 161 Parts 25 | . . . 16 . 9 Haulers Intercepted . | . . . . . . Recyclers Shooed 1 | . . . 1 . . Parts Field Recycled . | . . . . . . Retrieved Matter . | . . . . . . Parts Self-Destructed 2 | . . . . . 2 Prevented . | . . . . . . Kills | -11 -10 -10 -9 -9 -7 ------- Run | Scr Mat Min Mat Min Zio Combat Hostiles Destroyed 12 | 1 . . 9 . 2 Melee 2 | . . . . . 2 Guns 10 | 1 . . 9 . . Classes Destroyed 4 | 1 . . 3 . . Watcher 1 | . . . 1 . . Swarmer 3 | . . . 3 . . Grunt 5 | 1 . . 4 . . Brawler 2 | . . . 2 . . Wasp 1 | . . . . . 1 Thug 1 | . . . . . 1 Savage 1 | . . . . . 1 Best Kill Streak 3 | 1 . . 3 . 1 Combat Bots Only 3 | 1 . . 3 . 1 Max Kills in Single Turn 1 | 1 . . 1 . 1 Gunslinging . | . . . . . . Exploded . | . . . . . . Melee 1 | . . . . . 1 Uniques/NPCs Destroyed . | . . . . . . Combat | -11 -10 -10 -9 -9 -7 -------- Run | Scr Mat Min Mat Min Zio Damage Taken 1291 | 32 . 4 224 . 1031 Core 437 | . . . 6 . 431 Absorbed by Shields . | . . . . . . Core Remaining (%) 100 | 100 . 100 . . . Volleys Fired 24 | 3 . . 21 . . Largest 2 | 2 . . 2 . . Hottest 60 | 60 . . 46 . . Shots Fired 48 | 6 . . 42 . . Gun 48 | 6 . . 42 . . Cannon . | . . . . . . Launcher . | . . . . . . Special . | . . . . . . Kinetic 45 | 3 . . 42 . . Thermal . | . . . . . . Explosive . | . . . . . . Electromagnetic 3 | 3 . . . . . Robot Hit Streak 4 | 2 . . 4 . . Robot Miss Streak 9 | 1 . . 9 . . Penetration Max . | . . . . . . Secondary Targets 2 | . . . 2 . . Max Gunslinging Chain 1 | . . . 1 . . Shots Hit Robots 33 | 3 . . 24 . 6 Core Hits 24 | 1 . 1 18 . 4 Critical Hits . | . . . . . . Critical Kills . | . . . . . . Critical Parts Destroyed . | . . . . . . Melee Attacks 17 | . . . . . 17 Impact . | . . . . . . Slashing . | . . . . . . Piercing 17 | . . . . . 17 Sneak Attacks 1 | . . . . . 1 Combat Hostiles . | . . . . . . Follow-up Attacks . | . . . . . . Damage Inflicted 624 | 29 . 8 311 . 276 Guns 340 | 29 . . 311 . . Cannons . | . . . . . . Explosions . | . . . . . . Melee 276 | . . . . . 276 Ramming 8 | . . 8 . . . Kinetic 325 | 14 . . 311 . . Thermal . | . . . . . . Explosive . | . . . . . . Electromagnetic 15 | 15 . . . . . Impact . | . . . . . . Slashing . | . . . . . . Piercing 276 | . . . . . 276 Highest Corruption . | . . . . . . Average Corruption . | . . . . . . Corruption Purged . | . . . . . . Overload Shots . | . . . . . . Overflow Damage . | . . . . . . Projectiles . | . . . . . . Explosions . | . . . . . . Melee . | . . . . . . Knockbacks . | . . . . . . Impact . | . . . . . . Kinetic . | . . . . . . Secondary . | . . . . . . Self-Inflicted Damage 4 | . . 4 . . . Shots . | . . . . . . Rammed 1 | . . 1 . . . Targets Rammed 1 | . . 1 . . . Kicked . | . . . . . . Crushed . | . . . . . . Highest Temperature 18 | 18 . . 7 . . Average Temperature 12 | 14 . . 5 . . Received Heat Transfer 171 | 18 . . 54 . 99 Siege Activations . | . . . . . . Robots Corrupted . | . . . . . . Combat Hostiles . | . . . . . . Parts Fried . | . . . . . . Impact Corruptions . | . . . . . . Robots Melted . | . . . . . . Combat Hostiles . | . . . . . . Parts Melted . | . . . . . . Heat Transferred . | . . . . . . Parts Sabotaged . | . . . . . . Parts Stolen . | . . . . . . Parts Stripped . | . . . . . . Power Chain Reactions . | . . . . . . Missiles Intercepted . | . . . . . . Alert | -11 -10 -10 -9 -9 -7 ------- Run | Scr Mat Min Mat Min Zio Peak Influence 220 | 20 13 4 220 69 . Initial 69 | . 13 4 1 69 . Average 76 | 2 13 4 110 69 . Maximum Alert Level 1 | . . . 1 . . Low Security (%) 80 | 100 100 100 69 100 . Level 1 19 | . . . 30 . . Level 2 . | . . . . . . Level 3 . | . . . . . . Level 4 . | . . . . . . Level 5 . | . . . . . . High Security . | . . . . . . Max Security . | . . . . . . Squads Dispatched 3 | . 1 1 1 . . Investigation 1 | . . . 1 . . Extermination . | . . . . . . Reinforcement 1 | . 1 . . . . Assault 1 | . . 1 . . . Garrison . | . . . . . . Intercept . | . . . . . . Construction Impeded . | . . . . . . Haulers Reinforced . | . . . . . . Stealth | -11 -10 -10 -9 -9 -7 --------- Run | Scr Mat Min Mat Min Zio Distress Signals 3 | . 1 . 2 . . Communications Jammed . | . . . . . . Distress Signals . | . . . . . . Times Spotted 24 | 1 . . 18 . 5 Peak Tracking Total 5 | 1 . . 5 . 4 Tactical Retreats . | . . . . . . Traps | -11 -10 -10 -9 -9 -7 ------- Run | Scr Mat Min Mat Min Zio Traps Triggered . | . . . . . . Indirectly . | . . . . . . Trap Hack Attempts . | . . . . . . Triggered . | . . . . . . Disarmed . | . . . . . . Reprogrammed . | . . . . . . Reused . | . . . . . . Traps Extracted . | . . . . . . Installed . | . . . . . . Triggered . | . . . . . . Machines | -11 -10 -10 -9 -9 -7 ---------- Run | Scr Mat Min Mat Min Zio Machines Disabled 2 | . . . 2 . . Max in Single Turn . | . . . . . . Machines Sabotaged . | . . . . . . Garrisons Compromised . | . . . . . . Overloaded Fab Kills . | . . . . . . Fab Network Shutdowns . | . . . . . . Hacking | -11 -10 -10 -9 -9 -7 --------- Run | Scr Mat Min Mat Min Zio Machines Accessed 3 | . . . 2 . 1 Terminals 2 | . . . 2 . . Fabricators . | . . . . . . Repair Stations . | . . . . . . Recycling Units . | . . . . . . Scanalyzers . | . . . . . . Garrison Access . | . . . . . . Total Hacks 8 | . . . 4 . 4 Successful 7 | . . . 3 . 4 Failed 1 | . . . 1 . . Catastrophic . | . . . . . . Database Lockouts . | . . . . . . Manual . | . . . . . . Terminals 4 | . . . 4 . . Fabricators . | . . . . . . Repair Stations . | . . . . . . Recycling Units . | . . . . . . Scanalyzers . | . . . . . . Garrison Access . | . . . . . . Terminal Hacks 7 | . . . 3 . 4 Record 1 | . . . 1 . . Part Schematic 4 | . . . . . 4 Prototype ID Bank 1 | . . . 1 . . Locate Traps 1 | . . . 1 . . Fabricator Hacks . | . . . . . . Repair Station Hacks . | . . . . . . Recycling Unit Hacks . | . . . . . . Scanalyzer . | . . . . . . Garrison Access Hacks . | . . . . . . Unauthorized Hacks . | . . . . . . Terminals . | . . . . . . Fabricators . | . . . . . . Repair Stations . | . . . . . . Recycling Units . | . . . . . . Scanalyzers . | . . . . . . Garrison Access . | . . . . . . Data Cores Recovered . | . . . . . . Used . | . . . . . . Hacking Detections 1 | . . . 1 . . Full Trace Events 1 | . . . 1 . . Feedback Events . | . . . . . . Feedback Blocked . | . . . . . . Robot Schematics Acquired . | . . . . . . Robots Built . | . . . . . . Matter . | . . . . . . Time . | . . . . . . Total Robot Build Rating . | . . . . . . Part Schematics Acquired 4 | . . . . . 4 Parts Built . | . . . . . . Matter . | . . . . . . Time . | . . . . . . Total Part Build Rating . | . . . . . . Parts Repaired . | . . . . . . Time . | . . . . . . Parts Recycled . | . . . . . . Recycled Matter . | . . . . . . Retrieved Matter . | . . . . . . Retrieved Components . | . . . . . . Parts Scanalyzed . | . . . . . . Part Schematics Acquired . | . . . . . . Parts Damaged . | . . . . . . Bothacking | -11 -10 -10 -9 -9 -7 ------------ Run | Scr Mat Min Mat Min Zio Used RIF Installer . | . . . . . . Robots Hacked . | . . . . . . Non-combat . | . . . . . . Combat . | . . . . . . Robot Hacks Applied . | . . . . . . Relay Couplers Released . | . . . . . . Robots Rewired . | . . . . . . Allies Hacked . | . . . . . . Hacks Repelled . | . . . . . . Allies | -11 -10 -10 -9 -9 -7 -------- Run | Scr Mat Min Mat Min Zio Total Allies 4 | . . 1 . 3 . Largest Group 3 | . . 1 1 3 3 Highest-Rated Group 40 | . . 31 31 40 40 Highest-Rated Ally 31 | . . 31 31 16 16 Total Orders 1 | . . . . 1 . AID 1 | . . . . 1 . Ally Attacks 37 | . . . 31 . 6 Total Damage 531 | . . . 452 . 79 Kills 4 | . . . 3 . 1 Allies Corrupted . | . . . . . . Allies Melted . | . . . . . . Intel | -11 -10 -10 -9 -9 -7 ------- Run | Scr Mat Min Mat Min Zio Robot Analysis Total . | . . . . . . Derelict Logs Recovered 4 | . . 1 . . 3 Drone Launches . | . . . . . . Drone Recoveries . | . . . . . . Exploration | -11 -10 -10 -9 -9 -7 ------------- Run | Scr Mat Min Mat Min Zio Turns Passed 1884 | 67 127 92 576 37 985 Spaces Moved 1846 | 71 142 111 459 39 1024 Core 133 | 20 . . 112 . 1 Treads 32 | . . . 32 . . Legs . | . . . . . . Wheels 1663 | 51 142 111 315 39 1005 Hover . | . . . . . . Flight 18 | . . . . . 18 Fastest Speed 42 | 50 80 80 80 90 42 Average Speed 91 | 71 80 80 106 90 88 Slowest Speed 200 | 80 80 80 200 90 90 Overloaded Moves . | . . . . . . Propulsion Burnouts . | . . . . . . Robots Hopped . | . . . . . . Cave-ins Triggered . | . . . . . . Exploration Rate (%) 25 | 8 15 19 25 10 76 Regions Visited 5 Branch Regions 3 Pre-discovered Areas 3 | . . . . . 3 Known Exits Taken 2 | . . . 1 1 . Unknown Exits Taken 3 | 1 1 1 . . . Scrap Searched 1 | . . . . . 1 Spaces Dug 4 | . . . . . 4 Terrain Destroyed 4 | . . . . . 4 Melee 4 | . . . . . 4 Projectile . | . . . . . . AOE . | . . . . . . Terrain Rammed . | . . . . . . Walls Destroyed . | . . . . . . Machines Disabled . | . . . . . . Actions | -11 -10 -10 -9 -9 -7 --------- Run | Scr Mat Min Mat Min Zio Total 1951 | 78 157 114 501 40 1061 Wait 9 | . . . 8 . 1 Move 1841 | 70 141 110 458 38 1024 Hop . | . . . . . . Pick Up 11 | . 5 1 3 . 2 Fast Attach 23 | 5 1 . 6 1 10 Attach 3 | . 3 . . . . Detach 4 | . 3 . . . 1 Swap 5 | . 2 . 1 . 2 Drop 13 | . 2 2 4 1 4 Fire 24 | 3 . . 21 . . Melee 17 | . . . . . 17 Ram 1 | . . 1 . . . Kick . | . . . . . . Crush . | . . . . . . Escape Stasis . | . . . . . . Rewire . | . . . . . . Trap . | . . . . . . Miscellaneous . | . . . . . . Route ------- -11/Scrapyard -10/Materials -10/Mines -9/Materials -9/Mines (discovered 2 exits: *Mat / *Zio) -7/Zion History --------- Turn | Location | Event 2 | -11/Scrapyard | Met Revision 17 49 | -11/Scrapyard | Discovered new exit (range 8) 68 | -11/Scrapyard | Entered Materials 145 | -10/Materials | Discovered new exit (range 7) 191 | -10/Materials | Met 8R-AWN 195 | -10/Materials | Entered Mines 196 | -10/Mines | Met a Derelict testing a Signal Generator 196 | -10/Mines | Met a Derelict bent on vengeance 196 | -10/Mines | Followed 8R-AWN into the Mines 203 | -10/Mines | Found Signal Generator 255 | -10/Mines | Learned Materials trap positions 262 | -10/Mines | Discovered new exit (range 15) 287 | -10/Mines | Entered Materials 287 | -9/Materials | Accompanied by 1 ally 287 | -9/Materials | Evolved 2 slots: Propulsion x1, Utility x1 288 | -9/Materials | Loaded intel: 19 trap records 309 | -9/Materials | Build established: Mutant 590 | -9/Materials | Discovered new exit (range 8) 863 | -9/Materials | Identified exit to Mines 863 | -9/Materials | Entered Mines 872 | -9/Mines | Assisted by bots powering up and referring to "LRC-V3" 888 | -9/Mines | Discovered new exit (range 8) 889 | -9/Mines | A Derelict revealed a hidden shortcut to a safe place 897 | -9/Mines | Identified exit to Materials 897 | -9/Mines | Identified exit to Zion 900 | -9/Mines | Entered Zion 900 | -7/Zion | Accompanied by 3 allies 1019 | -7/Zion | Found Relay Coupler [Programmer] 1021 | -7/Zion | Found Relay Coupler [Programmer] 1030 | -7/Zion | Found Relay Coupler [Programmer] 1032 | -7/Zion | Found Relay Coupler [Programmer] 1038 | -7/Zion | Found Relay Coupler [Programmer] 1109 | -7/Zion | Learned location of Quarantine (-3) 1250 | -7/Zion | Learned Factory garrison access intel 1335 | -7/Zion | Learned location of Armory (-3) 1480 | -7/Zion | Learned location of Warlord (-5) 1539 | -7/Zion | Found CR-A16's Pointy Stick 1729 | -7/Zion | Attacked by Zionites 1729 | -7/Zion | Spotted 2P-KNT(B) 1729 | -7/Zion | Spotted G3-YRT(B) 1822 | -7/Zion | Core integrity fell below 50% 1866 | -7/Zion | Lost 3 parts (1p2n) 1884 | -7/Zion | Core integrity fell below 20% 1885 | -7/Zion | Destroyed by 2P-KNT(B) with Slug Cannon Last Messages --------------- 01813_ Imp. Treads destroyed. 01815_ CH-CFW(g) destroyed. 01823_ Imp. Treads destroyed. 01835_ Imp. Deuterium Engine destroyed. 01845_ NH-6P8(s) destroyed. 01855_ Acquired Cesium-ion Thruster. Flying robots can pass through spaces occupied by others, even hostile robots. 01856_ Acquired 10 matter. 01858_ Acquired Cesium-ion Thruster. 01859_ Acquired 10 matter. 01873_ Sensor Array destroyed. 01873_ Cesium-ion Thruster destroyed. 01873_ Knocked back. 01876_ Cesium-ion Thruster destroyed. 01876_ Knocked back. 01878_ Shotgun destroyed. 01878_ Wheel destroyed. 01880_ Mak. Hacking Suite destroyed. 01885_ Penetrated by Slug. Map ----- +----------------------------------------------------+ | ?????????????????????????????????????????????????? | | ?????????????????????????????????????????????????? | | ?????????????????????????????????????????????????? | | ?????????????????????????????????????????????????? | | ???????????????????????????????????#?????????????? | | ?????????????????????????????????? ##????????????? | | ?????????????????????????????????? "##???????????? | | ?????????????????????????????????? "#???????????? | | ?????????????????????????????????# ????????????? | | ????????????????????????######### "###???????????? | | ???????????????????????## ##"" #""#???????????? | | ???????????????????????# ###?????????? | | ???????????????????????### ##????????? | | ?????????????????????????## #????????? | | ??????????????????????????## #????????? | | ??????????? ???????????####% ##????????? | | ??????????? ?????????##%* ## #####?????????? | | ??????????? ????????##;!= ##?##?????????????? | | ???????????? #???????# ;!######?????????????????? | | ???????????? ????###### #?????###??????????????? | | #########???? #### ???# #????? ##?????????????? | | """"""""#????? ????# #???## #?????????????? | | """"#????? ?????# ##### ##????????????? | | = ####??? #?????# ;#<## ##???????????? | | *% ##??# #?????# << #???????????? | | = #### #??####@ < #???????????? | | ## ## #?## ##BB BB ##???????????? | | "" """#" ### BB BB ;;#???????????? | | """"""""### ###???????????? | | #########?# #???????????? | | ??????????## #???????????? | | ???????????## #???????????? | | ????????????## ;## ###;#???????????? | | ?????????????## ;### ##??##???????????? | | ??????????????## ;## ##???????????????? | | ???????????????### ### #???????????????? | | ?????????????????# #### ## #???????????????? | | ?????????????????# #?# ### #???????????????? | | ?????????????????# #?# #??####???????????????? | | ?????????????????## ## #??????????????????????? | | ??????????????????# #####???????????????????????? | | ?????????????????## ##??????????????????????????? | | ?????????????????# #??????????????????????????? | | ?????????????????# #??????????????????????????? | | ?????????????????## ##??????????????????????????? | | ????????????????## #??????????????????????????? | | ????????????????# ##??????????????????????????? | | ????????????????## #??????????????????????????? | | ????????????????# #??????????????????????????? | | ????????????????# ##??????????????????????????? | +----------------------------------------------------+ Best States ------------- Heat Dissipation 28 Energy Generation 16 Energy Capacity 290 Matter Stores 300 Matter Capacity 300 Sight Range 16 Robot Scan Range 10 Terrain Scan Density 10 Additional Mass Support 6 Armor Coverage 150 Evasion (%) 50 Targeting Accuracy 6 Recoil Reduction 2 Offensive Hacking 11 Item Schematics ----------------- Hvy. Riot Gun | -7/Zion | Free Battle Rifle | -7/Zion | Free Slug Cannon | -7/Zion | Free Flamer | -7/Zion | Free Robot Schematics ------------------ None Fabricated ------------ Nothing Alien Tech Used ----------------- None Achievements -------------- Backstab Robot Respite Tourist Challenges ------------ None Game ------ Seed LightMolecularShield Manual? 0 Play Time 00:41:13 Cumulative 5.2 hours Start 2021.12.17 @ 21:23:53 End 2021.12.17 @ 22:14:14 Sessions 1 Manual Loads 0 Difficulty Rogue Special Mode None Game No. 7 Rogue 7 Adventurer 0 Explorer 0 Win Type - Total 0 Types 0/0/0/0/0/0/0/0/0 Lore% 6 Gallery% 8 Achievement% 6 Wizard Run 0 Options --------- ASCII 0 Keyboard 1 Movement Vi Keybinds 0 Fullscreen 2 Font 24/Proggy Map View 76x50 Tactical HUD 1 Map Filters NONE Filters NONE Steam 1 RUN: 2fdf4b6e-f78b-482f-9cb1-7a7228aa96cd